SAA
LONG ISLAND SEAWOLVES @ LANNISTER UNITED LIONHEARTS
09/04/2034
 
TOP OF THE 1ST
Long Island Seawolves batting - Pitching for Lannister United Lionhearts : RHP Julián Moreno
Pitching: RHP Julián Moreno
Batting: SHB Cheong-hun Kang 0-0: Ball
1-0: Ball
2-0: Foul Ball, location: 2F
2-1: Foul Ball, location: 2F
2-2: Ball
3-2: Foul Ball, location: 2F
3-2: Foul Ball, location: 2F
3-2: Foul Ball, location: 2F
3-2: Foul Ball, location: 2F
3-2: Strikes out swinging
Batting: RHB Taua Naituyaga 0-0: Ball
1-0: Ball
2-0: Ball
3-0: Called Strike
3-1: Base on Balls
Batting: RHB John Shultz 0-0: Foul Ball, location: 2F
0-1: Ball
1-1: Foul Ball, location: 2F
1-2: Foul Ball, location: 2F
1-2: Fielders Choice at 2nd, 4-6 (Groundball, 34)
Batting: RHB John Mayasich 0-0: Ball
John Shultz is caught stealing 2nd base
Top of the 1st over - 0 runs, 0 hits, 0 errors, 0 left on base; Long Island 0 - Lannister United 0
BOTTOM OF THE 1ST
Lannister United Lionhearts batting - Pitching for Long Island Seawolves : RHP Joe Wilson
Pitching: RHP Joe Wilson
Batting: RHB Dejmi Dumervil 0-0: Ground out 6-3 (Groundball, 6S)
Batting: LHB Dave Watts 0-0: Foul Ball, location: 2F
0-1: Ball
1-1: Called Strike
1-2: Ball
2-2: Ground out 4-3 (Groundball, 4)
Batting: SHB Gerrie Bond 0-0: Foul Ball, location: 2F
0-1: Ball
1-1: Ball
2-1: Foul Ball, location: 2F
2-2: Ground out 4-3 (Groundball, 4)
Bottom of the 1st over - 0 runs, 0 hits, 0 errors, 0 left on base; Long Island 0 - Lannister United 0
TOP OF THE 2ND
Long Island Seawolves batting - Pitching for Lannister United Lionhearts : RHP Julián Moreno
Batting: RHB John Mayasich 0-0: Ball
1-0: Ball
2-0: Called Strike
2-1: Called Strike
2-2: Strikes out swinging
Batting: SHB Alexei Ponikarov 0-0: Ball
1-0: Fly out, F9 (Line Drive, 9)
Batting: RHB Louis Teague 0-0: Called Strike
0-1: Swinging Strike
0-2: Strikes out swinging
Top of the 2nd over - 0 runs, 0 hits, 0 errors, 0 left on base; Long Island 0 - Lannister United 0
BOTTOM OF THE 2ND
Lannister United Lionhearts batting - Pitching for Long Island Seawolves : RHP Joe Wilson
Batting: RHB Gilberto Clemente 0-0: Foul Ball, location: 2F
0-1: SOLO HOME RUN (Flyball, 9LD), Distance : 355 ft
Batting: LHB Michael Witt 0-0: Called Strike
0-1: SINGLE (Groundball, 34D)
Batting: RHB Mitsuhide Bando 0-0: Ball
Michael Witt is caught stealing 2nd base
1-0: Foul Ball, location: 2F
1-1: Ball
2-1: Swinging Strike
2-2: Foul Ball, location: 2F
2-2: Ball
3-2: Fly out, F6 (Line Drive, 6)
Batting: RHB Riley Walker 0-0: Ball
1-0: Ball
2-0: Called Strike
2-1: Ball
3-1: Base on Balls
Batting: RHB Gonzalo Vásquez 0-0: Ball
Passed Ball!
Riley Walker to second
1-0: Called Strike
1-1: Ball
2-1: SINGLE (Groundball, 4S) (infield hit)
Riley Walker to third
Batting: RHB Andy Garnet 0-0: Foul Ball, location: 2F
0-1: Fly out, F3 (Popup, 4S)
Bottom of the 2nd over - 1 run, 3 hits, 0 errors, 2 left on base; Long Island 0 - Lannister United 1
TOP OF THE 3RD
Long Island Seawolves batting - Pitching for Lannister United Lionhearts : RHP Julián Moreno
Batting: RHB Carlos Gonzáles 0-0: Ball
1-0: Ball
2-0: Foul Ball, location: 2F
2-1: SINGLE (Line Drive, 6M)
Batting: RHB Shigeaki Samurakami 0-0: Called Strike
0-1: Ball
1-1: Called Strike
1-2: Strikes out swinging
Batting: SHB Mick Chaundy 0-0: Swinging Strike
0-1: Ball
1-1: Foul Ball, location: 2F
1-2: Strikes out swinging
Batting: SHB Cheong-hun Kang 0-0: Fly out, F4 (Line Drive, 4)
Top of the 3rd over - 0 runs, 1 hit, 0 errors, 1 left on base; Long Island 0 - Lannister United 1
BOTTOM OF THE 3RD
Lannister United Lionhearts batting - Pitching for Long Island Seawolves : RHP Joe Wilson
Batting: RHB Dejmi Dumervil 0-0: Hit by Pitch
Batting: LHB Dave Watts 0-0: Ball
1-0: Called Strike
1-1: Called Strike
1-2: Ball
2-2: Ball
3-2: Base on Balls
Dejmi Dumervil to second
Batting: SHB Gerrie Bond 0-0: Called Strike
0-1: Ball
1-1: Foul Ball, location: 2F
1-2: Fly out, F9 (Flyball, 89S)
Batting: RHB Gilberto Clemente 0-0: 3-RUN HOME RUN (Flyball, 9D), Distance : 360 ft
Batting: LHB Michael Witt 0-0: Ball
1-0: Ball
2-0: Ball
3-0: Called Strike
3-1: Base on Balls
Batting: RHB Mitsuhide Bando 0-0: Ball
1-0: Ball
2-0: Ball
3-0: Base on Balls
Michael Witt to second
Batting: RHB Riley Walker 0-0: Ball
1-0: Ball
2-0: Ball
3-0: Foul Ball, location: 2F
3-1: Base on Balls
Michael Witt to third
Mitsuhide Bando to second
Batting: RHB Gonzalo Vásquez 0-0: Ball
1-0: SINGLE (Groundball, 56D)
Michael Witt scores
Mitsuhide Bando to third
Riley Walker to second
Batting: RHB Andy Garnet 0-0: Ball
1-0: Called Strike
1-1: Ball
2-1: Foul Ball, location: 2F
2-2: Grounds into double play, 6-4-3 (Groundball, 6)
Bottom of the 3rd over - 4 runs, 2 hits, 0 errors, 2 left on base; Long Island 0 - Lannister United 5
TOP OF THE 4TH
Long Island Seawolves batting - Pitching for Lannister United Lionhearts : RHP Julián Moreno
Batting: RHB Taua Naituyaga 0-0: Ball
1-0: Called Strike
1-1: Foul Ball, location: 2F
1-2: Ball
2-2: Strikes out swinging
Batting: RHB John Shultz 0-0: Foul Ball, location: 2F
0-1: Ball
1-1: Foul Ball, location: 2F
1-2: Ball
2-2: Foul Ball, location: 2F
2-2: Foul Ball, location: 2F
2-2: Ground out 6-3 (Groundball, 56)
Batting: RHB John Mayasich 0-0: Called Strike
0-1: Swinging Strike
0-2: Ball
1-2: Ball
2-2: Fly out, F9 (Flyball, 9LSF)
Top of the 4th over - 0 runs, 0 hits, 0 errors, 0 left on base; Long Island 0 - Lannister United 5
BOTTOM OF THE 4TH
Lannister United Lionhearts batting - Pitching for Long Island Seawolves : RHP Joe Wilson
Batting: RHB Dejmi Dumervil 0-0: Called Strike
0-1: Foul Ball, location: 2F
0-2: Fly out, F9 (Flyball, 9LM)
Batting: LHB Dave Watts 0-0: Ball
1-0: Called Strike
1-1: Ball
2-1: Ball
3-1: Fly out, F8 (Line Drive, 8RXD)
Batting: SHB Gerrie Bond 0-0: Called Strike
0-1: Ball
1-1: DOUBLE (Flyball, 78D)
Batting: RHB Gilberto Clemente 0-0: Ball
1-0: Swinging Strike
1-1: Ball
2-1: Called Strike
2-2: Ball
3-2: Base on Balls
Batting: LHB Michael Witt 0-0: SINGLE (Flyball, 78S)
Gerrie Bond to third
Gilberto Clemente to second
Runner from 3rd tries for Home, SAFE, no throw
Batting: RHB Mitsuhide Bando 0-0: Foul Ball, location: 2F
0-1: Ball
1-1: Ball
2-1: Fly out, F7 (Flyball, 78S)
Bottom of the 4th over - 1 run, 2 hits, 0 errors, 2 left on base; Long Island 0 - Lannister United 6
TOP OF THE 5TH
Long Island Seawolves batting - Pitching for Lannister United Lionhearts : RHP Julián Moreno
Batting: SHB Alexei Ponikarov 0-0: Swinging Strike
0-1: Reached on error, E5 (Groundball, 56S)
Batting: RHB Louis Teague 0-0: Ball
1-0: Ball
2-0: Ball
Passed Ball!
Alexei Ponikarov to second
3-0: Called Strike
3-1: Ground out 6-3 (Groundball, 6M)
Alexei Ponikarov to third
Batting: RHB Carlos Gonzáles 0-0: Ball
1-0: Swinging Strike
1-1: Ball
2-1: Ground out 5-3 (Groundball, 56)
Alexei Ponikarov scores
Batting: RHB Shigeaki Samurakami 0-0: Called Strike
0-1: Foul Ball, location: 2F
0-2: Foul Ball, location: 2F
0-2: Strikes out looking
Top of the 5th over - 1 run, 0 hits, 1 error, 0 left on base; Long Island 1 - Lannister United 6
BOTTOM OF THE 5TH
Lannister United Lionhearts batting - Pitching for Long Island Seawolves : RHP Joe Wilson
Batting: RHB Riley Walker 0-0: Foul Ball, location: 2F
0-1: Foul Ball, location: 2F
0-2: Strikes out swinging
Batting: RHB Gonzalo Vásquez 0-0: Ball
1-0: Called Strike
1-1: Ground out 4-3 (Groundball, 34)
Batting: RHB Andy Garnet 0-0: Swinging Strike
0-1: SINGLE (Groundball, 4MD)
Batting: RHB Dejmi Dumervil 0-0: Ball
1-0: Ball
2-0: Ball
Andy Garnet is caught stealing 2nd base
Bottom of the 5th over - 0 runs, 1 hit, 0 errors, 0 left on base; Long Island 1 - Lannister United 6
TOP OF THE 6TH
Long Island Seawolves batting - Pitching for Lannister United Lionhearts : RHP Julián Moreno
Batting: SHB Mick Chaundy 0-0: Ball
1-0: Called Strike
1-1: Swinging Strike
1-2: Ball
2-2: Foul Ball, location: 2F
2-2: Ball
3-2: Base on Balls
Batting: SHB Cheong-hun Kang 0-0: Ball
1-0: Foul Ball, location: 2F
1-1: Ball
2-1: Foul Ball, location: 2F
2-2: Ground out 3-1 (Groundball, 34S)
Mick Chaundy to second
Batting: RHB Taua Naituyaga 0-0: Ground out 6-3 (Groundball, 6)
Batting: RHB John Shultz 0-0: Ball
1-0: Ground out 4-3 (Groundball, 4)
Top of the 6th over - 0 runs, 0 hits, 0 errors, 1 left on base; Long Island 1 - Lannister United 6
BOTTOM OF THE 6TH
Lannister United Lionhearts batting - Pitching for Long Island Seawolves : RHP Joe Wilson
Pitching: RHP Dao-zi Zhai
Batting: RHB Dejmi Dumervil 0-0: Ball
1-0: Foul Ball, location: 2F
1-1: Ball
2-1: Foul Ball, location: 2F
2-2: Fly out, F7 (Flyball, 7S)
Batting: LHB Dave Watts 0-0: Swinging Strike
0-1: Ball
1-1: Ball
2-1: Called Strike
2-2: SOLO HOME RUN (Flyball, 9LD), Distance : 346 ft
Batting: SHB Gerrie Bond 0-0: Ball
1-0: Fly out, F8 (Flyball, 89D)
Batting: RHB Gilberto Clemente 0-0: Ball
1-0: SINGLE (Groundball, 13S) (infield hit)
Batting: LHB Michael Witt 0-0: Ball
1-0: Foul Ball, location: 2F
1-1: Ball
2-1: Swinging Strike
2-2: Strikes out looking
Bottom of the 6th over - 1 run, 2 hits, 0 errors, 1 left on base; Long Island 1 - Lannister United 7
TOP OF THE 7TH
Long Island Seawolves batting - Pitching for Lannister United Lionhearts : RHP Julián Moreno
Now at C: Mareka Naidoo
Batting: RHB John Mayasich 0-0: Called Strike
0-1: Called Strike
0-2: Ball
1-2: Foul Ball, location: 2F
1-2: Strikes out swinging
Batting: SHB Alexei Ponikarov 0-0: Reached on error, E4 (Groundball, 4)
Batting: RHB Louis Teague 0-0: Ball
Alexei Ponikarov steals 2nd base
1-0: Foul Ball, location: 2F
1-1: Ball
2-1: Foul Ball, location: 2F
2-2: Fly out, F9 (Flyball, 9LS)
Pitching: RHP Shusaku Kobayashi
Batting: RHB Carlos Gonzáles 0-0: Called Strike
0-1: Called Strike
0-2: Foul Ball, location: 2F
0-2: Ball
1-2: Strikes out looking
Top of the 7th over - 0 runs, 0 hits, 1 error, 1 left on base; Long Island 1 - Lannister United 7
BOTTOM OF THE 7TH
Lannister United Lionhearts batting - Pitching for Long Island Seawolves : RHP Dao-zi Zhai
Batting: RHB Mitsuhide Bando 0-0: Foul Ball, location: 2F
0-1: Swinging Strike
0-2: Ball
1-2: Strikes out swinging
Batting: RHB Riley Walker 0-0: Ball
1-0: Swinging Strike
1-1: Foul Ball, location: 2F
1-2: Foul Ball, location: 2F
1-2: Ball
2-2: Ball
3-2: Base on Balls
Batting: RHB Gonzalo Vásquez 0-0: Called Strike
0-1: Foul Ball, location: 2F
0-2: Ball
1-2: Foul Ball, location: 2F
1-2: Ball
2-2: Ball
3-2: Base on Balls
Riley Walker to second
Batting: RHB Andy Garnet 0-0: SINGLE (Line Drive, 34D)
Riley Walker to third
Gonzalo Vásquez to second
Batting: RHB Dejmi Dumervil 0-0: Ball
1-0: Ball
2-0: Called Strike
2-1: Foul Ball, location: 2F
2-2: Foul Ball, location: 2F
2-2: Ball
3-2: Fielders Choice at 2nd, 6-4 (Groundball, 56D)
Riley Walker scores
Gonzalo Vásquez to third
Batting: LHB Dave Watts 0-0: Swinging Strike
0-1: Ball
1-1: Ball
2-1: Ball
3-1: Called Strike
3-2: SINGLE (Groundball, 4S) (infield hit)
Gonzalo Vásquez scores
Dejmi Dumervil to second
Batting: SHB Gerrie Bond 0-0: Ball
1-0: Fielders Choice at 2nd, 6-4 (Groundball, 6)
Bottom of the 7th over - 2 runs, 2 hits, 0 errors, 2 left on base; Long Island 1 - Lannister United 9
TOP OF THE 8TH
Long Island Seawolves batting - Pitching for Lannister United Lionhearts : RHP Shusaku Kobayashi
Now at 3B: Víctor Murguia
Now in LF: Manny García
Pinch Hitting: LHB Rurik Elhov 0-0: Ball
1-0: Ball
2-0: Called Strike
2-1: Ball
3-1: Called Strike
3-2: Foul Ball, location: 2F
3-2: Strikes out swinging
Batting: SHB Mick Chaundy 0-0: Ball
1-0: Ball
2-0: Called Strike
2-1: Foul Ball, location: 2F
2-2: Strikes out looking
Batting: SHB Cheong-hun Kang 0-0: DOUBLE (Line Drive, 78D)
Batting: RHB Taua Naituyaga 0-0: Called Strike
0-1: Called Strike
0-2: Foul Ball, location: 2F
0-2: Strikes out swinging
Top of the 8th over - 0 runs, 1 hit, 0 errors, 1 left on base; Long Island 1 - Lannister United 9
BOTTOM OF THE 8TH
Lannister United Lionhearts batting - Pitching for Long Island Seawolves : RHP Dao-zi Zhai
Now in CF: Rurik Elhov
Batting: RHB Mareka Naidoo 0-0: Ball
1-0: Ball
2-0: Called Strike
2-1: Foul Ball, location: 2F
2-2: Ball
3-2: Foul Ball, location: 2F
3-2: Ground out 5-3 (Groundball, 56S)
Batting: LHB Michael Witt 0-0: Called Strike
0-1: Swinging Strike
0-2: Ball
1-2: Ball
2-2: SOLO HOME RUN (Flyball, 9LD), Distance : 327 ft
Batting: RHB Mitsuhide Bando 0-0: Ground out 5-3 (Groundball, 56)
Batting: RHB Riley Walker 0-0: Ball
1-0: Ball
2-0: Called Strike
2-1: Ground out 5-3 (Groundball, 56)
Bottom of the 8th over - 1 run, 1 hit, 0 errors, 0 left on base; Long Island 1 - Lannister United 10
TOP OF THE 9TH
Long Island Seawolves batting - Pitching for Lannister United Lionhearts : RHP Shusaku Kobayashi
Batting: RHB John Shultz 0-0: Called Strike
0-1: Called Strike
0-2: Ball
1-2: Foul Ball, location: 2F
1-2: Fly out, F4 (Line Drive, 4M)
Batting: RHB John Mayasich 0-0: Ball
1-0: Ball
2-0: Called Strike
2-1: Foul Ball, location: 2F
2-2: Ball
3-2: Foul Ball, location: 2F
3-2: Strikes out swinging
Batting: SHB Alexei Ponikarov 0-0: Called Strike
0-1: Ball
1-1: Called Strike
1-2: Ball
2-2: Foul Ball, location: 2F
2-2: Ball
3-2: Strikes out looking
Top of the 9th over - 0 runs, 0 hits, 0 errors, 0 left on base; Long Island 1 - Lannister United 10
Friday, March 29th, 2019 - OOTP Baseball 18.8 Build 76